Map: Ulrena

Players

DJLingboy

  • Race: Zerg Zerg
  • League: Master

EJK - Winner!

  • Race: Terran Terran
  • League: Master

VOD

Have the link to the VOD?

Description

Time

  • Played on: Nov. 13, 2015, 6:31 p.m.
  • Length: 16:05
Show
View Real Time Build Order
Export as new Build Order

DJLingboy Zerg 

Build Orders: Hatch First, Lurkers 

Get SALT Encoding   

  12  0:01  Drone  
  13  0:12  Overlord  
  13  0:17  Drone  
  14  0:30  Drone  
  14  0:31  Drone  
  14  0:35  Drone  
  17  0:53  Hatchery  
  17  0:56  Drone  
  17  1:09  Spawning Pool  
  16  1:13  Drone  
  16  1:15  Extractor  
  16  1:17  Drone  
  17  1:21  Drone  
  18  1:28  Drone  
  19  1:39  Overlord  
  19  1:56  Queen  
  19  1:57  Zergling x2  
  22  2:01  Drone  
  22  2:05  Drone, Queen  
  26  2:11  Zergling x2  
  27  2:17  Drone  
  27  2:22  Spore Crawler  
  27  2:28  Drone x2  
  29  2:35  Overlord  
  28  2:39  Drone  
  28  2:42  Queen  
  31  2:44  Queen  
  31  2:46  Drone  
  34  3:01  Drone x3  
  34  3:04  Metabolic Boost  
  36  3:17  Drone x5  
  41  3:37  Hatchery  
  41  3:39  Lair  
  41  3:40  Drone  
  41  3:42  Drone, Roach Warren  
  41  3:44  Extractor  
  40  3:50  Drone x2  
  40  3:51  Drone  
  40  3:52  Overlord  
  43  3:58  Overlord  
  43  4:08  Evolution Chamber  
  42  4:12  Drone x3  
  42  4:13  Drone  
  44  4:32  Drone  
  44  4:34  Zerg Ground Armor Level 1  
  44  4:35  Roach x3  
  44  4:36  Roach  
  51  4:41  Drone x4, Extractor  
  51  4:42  Extractor  
  53  4:50  Glial Reconstitution  
  53  4:52  Drone, Queen  
  56  5:06  Drone  
  55  5:08  Drone x2  
  52  5:14  Drone x3  
  52  5:15  Drone x3  
  52  5:17  Drone  
  58  5:31  Overlord  
  58  5:33  Drone x5  
  58  5:34  Drone x3  
  66  5:39  Baneling Nest  
  66  5:41  Overlord x2  
  65  5:54  Overlord  
  65  5:56  Drone  
  65  5:57  Drone x5  
  69  6:01  Overlord  
  69  6:03  Roach x2  
  77  6:04  Roach  
  77  6:08  Overseer  
  77  6:09  Overlord  
  79  6:11  Roach  
  79  6:17  Roach x2  
  83  6:23  Roach x3  
  89  6:25  Overlord  
  89  6:32  Roach x3  
  95  6:38  Roach  
  95  6:39  Roach x3  
  103  6:57  Roach x3  
  103  6:58  Roach x2  
  103  6:59  Overlord x4  
  113  7:05  Ravager  
  113  7:07  Overlord  
  114  7:21  Zerg Ground Armor Level 2  
  114  7:22  Centrifical Hooks  
  114  7:24  Roach x4  
  114  7:25  Roach x2  
  114  7:27  Ravager x3  
  129  7:40  Roach x3  
  129  7:41  Roach  
  131  7:45  Zergling x2  
  131  7:46  Zergling x6  
  131  7:49  Zergling x2  
  134  7:56  Roach x6  
  134  7:57  Roach  
  132  8:06  Zergling x4  
  132  8:07  Zergling x2  
  132  8:10  Zergling x2  
  130  8:13  Baneling  
  130  8:14  Baneling x4  
  130  8:15  Baneling  
  127  8:20  Zergling x6  
  127  8:21  Zergling x16  
  122  8:37  Roach x4  
  122  8:38  Roach  
  119  8:42  Zergling x2  
  105  8:48  Zergling x4  
  105  8:53  Roach  
  101  9:00  Zergling x10  
  101  9:01  Zergling x8  
  104  9:05  Zergling x4  
  103  9:14  Extractor x2  
  94  9:18  Hydralisk Den  
  94  9:20  Roach x3  
  97  9:30  Baneling x2  
  97  9:31  Baneling x4  
  92  9:39  Zerg Missile Weapons Level 1  
  92  9:40  Drone x3  
  92  9:41  Drone x3  
  92  9:42  Drone x2  
  92  9:43  Drone  
  101  9:49  Muscular Augments  
  101  9:59  Hatchery  
  100  10:10  Overlord  
  100  10:11  Overlord x2  
  100  10:15  Drone x5  
  100  10:16  Drone x4  
  100  10:17  Infestation Pit  
  105  10:31  Hydralisk x6  
  105  10:34  Baneling x3  
  105  10:35  Baneling  
  117  10:41  Drone  
  117  10:42  Drone x5  
  123  10:48  Hydralisk x4  
  131  10:59  Lurker Den  
  131  11:02  Extractor  
  130  11:05  Extractor  
  129  11:16  Hydralisk x4  
  129  11:17  Hydralisk x9  
  149  11:21  Roach x2  
  153  11:31  Drone  
  149  11:48  Roach x3  
  149  11:53  Roach x2  
  159  12:04  Drone  
  160  12:17  Hatchery  
  159  12:26  Lurker x15  
  159  12:29  Zergling x2  
  175  12:31  Overlord x5  
  175  12:56  Hydralisk x9  
  189  13:02  Drone x3  
  184  13:07  Hive  
  184  13:09  Spire  
  174  13:28  Roach x4  
  174  13:32  Drone x2  
  184  13:34  Extractor  
  184  13:36  Extractor  
  130  14:25  Mutalisk  
  130  14:26  Mutalisk x14  
  148  14:34  Mutalisk x2  
  148  14:36  Zergling x14  
  148  14:37  Zergling x22  
  162  14:55  Mutalisk x4  
  168  15:09  Mutalisk x3  
  174  15:19  Mutalisk x2  
  174  15:27  Hydralisk x2  
  174  15:28  Hydralisk  
  160  15:39  Hydralisk x2  
Show
View Real Time Build Order
Export as new Build Order

EJK Terran - Winner!

Build Orders: Reaper Expand 

Get SALT Encoding   

  12  0:00  SCV  
  13  0:12  SCV  
  14  0:18  Supply Depot  
  14  0:25  SCV  
  15  0:40  SCV  
  15  0:41  Barracks  
  16  0:47  Refinery  
  16  0:52  SCV  
  17  1:04  SCV  
  18  1:16  SCV  
  19  1:31  Orbital Command  
  19  1:32  Reaper  
  20  1:43  Command Center  
  20  1:53  Supply Depot  
  20  1:57  SCV  
  21  2:04  Reaper  
  22  2:09  SCV  
  23  2:21  SCV  
  24  2:28  Factory  
  24  2:33  SCV  
  25  2:43  Barracks Reactor  
  25  2:45  Command Center, SCV  
  25  2:50  Refinery  
  26  3:01  SCV, Orbital Command  
  27  3:09  Bunker  
  27  3:13  SCV  
  28  3:20  Factory  
  28  3:26  Hellion x2  
  32  3:30  Barracks Tech Lab  
  32  3:31  SCV  
  33  3:35  SCV  
  34  3:43  SCV  
  34  3:47  SCV  
  36  3:49  Hellion x2  
  40  3:55  SCV  
  40  3:59  SCV  
  40  4:00  Orbital Command  
  42  4:08  SCV  
  43  4:11  SCV  
  43  4:13  Cyclone  
  43  4:16  Hellion x2  
  51  4:20  SCV  
  51  4:23  SCV  
  51  4:27  Refinery  
  51  4:32  SCV x2, Refinery  
  51  4:35  SCV  
  52  4:41  Factory  
  52  4:44  Hellion x2  
  56  4:46  Barracks Tech Lab  
  56  4:49  Cyclone  
  56  4:51  SCV x2  
  61  4:59  Supply Depot  
  61  5:02  Supply Depot, SCV  
  61  5:03  SCV  
  61  5:13  SCV  
  60  5:14  SCV  
  60  5:16  SCV  
  60  5:20  Hellion, Mag-Field Accelerator  
  62  5:21  Hellion  
  62  5:23  Supply Depot  
  62  5:27  Supply Depot  
  62  5:35  Cyclone x2  
  65  5:39  Supply Depot  
  65  5:40  Infernal Pre-Igniter  
  65  5:42  Hellion x2  
  72  5:48  Supply Depot  
  73  5:50  SCV x2, Engineering Bay  
  73  5:56  Orbital Command  
  74  6:03  Hellion  
  78  6:04  Hellion  
  78  6:07  Cyclone  
  78  6:08  SCV x2, Cyclone  
  86  6:11  Refinery  
  86  6:12  Refinery  
  86  6:24  SCV x3  
  86  6:25  Hellion x2  
  93  6:35  Supply Depot  
  93  6:39  Supply Depot, Cyclone  
  96  6:40  Cyclone  
  96  6:46  Hellion  
  96  6:47  SCV x3, Hellion, Starport  
  103  6:48  Supply Depot  
  106  6:59  SCV x3  
  109  7:07  Liberator  
  109  7:11  SCV x3, Cyclone  
  109  7:12  Cyclone  
  109  7:14  Armory  
  109  7:15  Hellion x2  
  122  7:18  Missile Turret  
  122  7:20  Missile Turret  
  122  7:27  Missile Turret  
  125  7:37  Hellion x2  
  127  7:43  Cyclone  
  131  7:44  Cyclone  
  131  7:50  Liberator  
  129  7:55  Factory  
  129  7:57  Factory  
  127  8:03  Hellion x2  
  125  8:13  Command Center, SCV x2  
  125  8:14  SCV  
  125  8:16  Cyclone  
  131  8:24  Terran Vehicle Weapons Level 1  
  131  8:25  SCV x2  
  131  8:28  Supply Depot  
  126  8:40  Cyclone  
  126  8:41  Hellion x2  
  107  8:42  SCV  
  107  8:47  Factory Tech Lab, Factory Reactor  
  107  8:48  Cyclone  
  99  8:51  SCV x2  
  99  8:55  SCV  
  91  9:02  Hellion  
  75  9:03  SCV  
  74  9:12  Cyclone  
  71  9:17  Cyclone  
  71  9:20  Cyclone  
  71  9:31  Liberator  
  71  9:32  Hellion x2  
  71  9:35  Supply Depot  
  75  9:41  Orbital Command  
  75  9:44  Cyclone  
  77  9:47  Command Center  
  80  9:55  Cyclone  
  82  10:14  Liberator  
  82  10:15  SCV x3  
  82  10:17  Cyclone  
  82  10:19  Hellion x3  
  92  10:32  SCV x3  
  92  10:33  Terran Vehicle And Ship Armor Level 1  
  98  10:39  Hellion x3  
  98  10:41  Hellion  
  106  10:48  SCV x2  
  106  10:49  SCV  
  109  11:05  Cyclone x3  
  109  11:06  Hellion x4  
  124  11:27  Hellion  
  124  11:28  Hellion x3  
  124  11:29  Supply Depot x2  
  124  11:30  Supply Depot  
  132  11:34  Liberator  
  132  11:37  Cyclone x2  
  132  11:38  Cyclone  
  135  11:40  Supply Depot  
  135  11:41  Refinery  
  133  11:48  Refinery  
  133  11:49  Hellion x3, Missile Turret  
  133  11:53  SCV x3  
  145  12:09  Cyclone x2, Hellion  
  145  12:10  Hellion x3  
  159  12:19  Planetary Fortress  
  159  12:21  SCV  
  159  12:22  SCV  
  161  12:23  Liberator  
  161  12:29  Sensor Tower  
  161  12:35  Hellion x3  
  170  12:54  Cyclone  
  170  12:55  Cyclone  
  170  12:56  Cyclone  
  175  13:01  Hellion  
  175  13:02  Hellion  
  127  13:15  Terran Vehicle Weapons Level 2  
  123  13:27  Cyclone x2  
  128  13:34  Fusion Core  
  128  13:36  Starport  
  128  13:40  Starport  
  128  13:51  Cyclone  
  128  13:52  Hellion  
  133  13:59  Cyclone  
  134  14:12  Cyclone  
  134  14:13  Hellion  
  134  14:14  Hellion  
  133  14:23  Cyclone  
  134  14:31  Cyclone  
  137  14:36  Hellion x2  
  137  14:37  Hellion x2, Starport Tech Lab x3  
  137  14:38  Behemoth Reactor  
  145  14:43  Liberator  
  145  14:44  Cyclone, Liberator  
  145  14:45  Liberator  
  148  15:03  Hellion x2  
  148  15:04  Hellion x2  
  165  15:11  Cyclone  
  165  15:14  Hellion  
  165  15:16  Hellion  
  166  15:35  Command Center  
  166  15:43  Hellion x3  
  166  15:44  Hellion  
Tags
 
Composition
Lurkers
Matchup
TvZ
Player
EJK
Add a new tag
Caveats
  • Supply blocks, unpowered buildings, or Contaminate may cause inaccurate times.
  • Supply counts are checked every 10 seconds.